 Dungeon Crawl Stone Soup version 0.31-a0-187-gba352fbbf7 (webtiles) character file.

Game seed: 1973901035983948191

966 qw the Skirmisher (level 7, 0/40 HPs)
             Began as a Deep Elf Hunter on June 22, 2023.
             Slain by an orc wizard
             ... wielding a +0 dagger
              (1 damage)
             ... on level 5 of the Dungeon.
             The game lasted 00:03:46 (5582 turns).

qw the Skirmisher (Deep Elf Hunter)                 Turns: 5582, Time: 00:03:47

Health: 0/40       AC:  7    Str: 10    XL:     7   Next: 93%
Magic:  9/9        EV: 11    Int: 14    God:
Gold:   224        SH:  0    Dex: 18    Spells: 6/6 levels left

rFire   . . .        e - +0 shortbow (heavy)
rCold   . . .        (shield currently unavailable)
rNeg    . . .        m - +0 ring mail
rPois   .            (no helmet)
rElec   .            (no cloak)
rCorr   .            k - +0 pair of gloves
SInv    .            g - +0 pair of boots
Will    .....        b - amulet of reflection Stlth
                     (no ring)
HPRegen 0.26/turn    (no ring)
MPRegen 0.11/turn

%: reflection
@: confused, lethally poisoned (0 -> -18), about to teleport
A: no striking features
a: no special abilities


You were on level 5 of the Dungeon.
You visited 2 branches of the dungeon, and saw 6 of its levels.

You collected 224 gold pieces.


   Skills:
 + Level 2.3 Fighting
 - Level 12.2 Ranged Weapons
 - Level 1.0 Armour
 - Level 3.1 Dodging
 - Level 1.2 Stealth


You had 6 spell levels left.
You didn't know any spells.
Your spell library was empty.

Inventory:

Hand Weapons
 e - a +0 heavy shortbow (weapon)
Armour
 g - a +0 pair of boots (worn)
 k - a +0 pair of gloves (worn)
 m - a +0 ring mail (worn)
Jewellery
 b - an amulet of reflection (around neck)
 c - a ring of ice
 i - a ring of fire
Scrolls
 a - a scroll of teleportation
 l - a scroll of identify
Potions
 d - a potion of resistance
 f - a potion of might
 h - a potion of enlightenment
 j - a potion of degeneration {unknown}
 n - a potion of mutation {unknown}

Dungeon Overview and Level Annotations

Branches:
Dungeon (5/15)             Temple (1/1) D:4

Altars:
Ashenzari
Cheibriados
Dithmenos
Elyvilon
Fedhas
Kikubaaqudgha
Makhleb
Trog
Uskayaw
Vehumet
Wu Jian
Xom
Yredelemnul
Zin
The Shining One

Shops:
D:1 [

Annotations:
D:4 3 runed translucent doors, qw's ghost, amateur NaHu


Message History

You block the water moccasin's attack. The water moccasin closely misses you.
The howler monkey hoots and howls with incredible vigour!
You shoot an arrow. The arrow hits the water moccasin.
The water moccasin is severely wounded.
You feel very sick. The water moccasin bites you.
You are more poisoned.
The water moccasin poisons you!
The howler monkey hoots and howls with incredible vigour!
The orc wizard curses repeatedly.
The orc wizard hits you with a +0 dagger.
The water moccasin bites you.
You shoot an arrow.
The arrow completely misses the water moccasin.
The arrow hits the orc!
You kill the orc!
You feel very sick. The water moccasin bites you.
The orc wizard hits you but does no damage.
You shoot an arrow.
The arrow barely misses the water moccasin.
The arrow hits the worm.
The worm is lightly wounded.
You feel very sick. The water moccasin bites you.
The orc wizard hits you but does no damage.
You block the water moccasin's attack. The orc wizard misses you.
5581 ||| READING 2 scrolls of teleportation.
As you read the scroll of teleportation, it crumbles to dust.
You feel strangely unstable.
You feel sick. You block the water moccasin's attack.
The orc wizard gestures at you while chanting.
You are confused.
The water moccasin bites you.
You are more poisoned.
The water moccasin poisons you!
You feel very sick. The water moccasin closely misses you.
The orc wizard hits you with a +0 dagger.
You die...

.#.....#.#.####.###
.......#.#.# #.#
#####.....#.#.# #.#
##...##......#.####.#
#.$[..+.####........#
#. #.....
#?.##.#.#####
#..#...SJ #w$[?#...#
#..##..ho#ShS.(#.#.#
#.#.#####@# ##.#.#
#.......#'###+#..#.#
#....##)##..(....#
#..')..#.##..###
#..##.##....##
#...###...###
#.........#
##.......## #########


You could see a water moccasin, a black bear, a worm, a howler monkey, a jelly,
an orc wizard and 2 adders.

Vanquished Creatures
  Menkaure (D:5)
  An ogre (D:5)
  4 crimson imps (D:5)
  An orc priest (D:5)
  2 gnoll boudas
  4 hounds
  A sleepcap (D:5)
  Jessica (D:3)
  An iguana (D:4)
  Terence (D:2)
  2 orc wizards (D:5)
  6 gnolls
  7 adders
  An ufetubus (D:5)
  3 worms
  5 dart slugs
  12 orcs
  5 ball pythons
  7 endoplasms
  5 giant cockroaches
  6 goblins
  15 hobgoblins
  3 jackals (D:3)
  6 kobolds
  4 quokkas
  6 bats
  2 frilled lizards
  5 rats
117 creatures vanquished.

Notes
Turn   | Place    | Note
-------+----------+-------------------------------------------
     0 | D:1      | qw the Deep Elf Hunter began the quest for the Orb.
     0 | D:1      | Reached XP level 1. HP: 12/12 MP: 3/3
     0 | D:1      | 0 ||| qw: Version: 0.3-a-9-g12657ce
     0 | D:1      | 0 ||| qw: Game counter: 2276
     0 | D:1      | 0 ||| qw: Always use a shield: true
     0 | D:1      | 0 ||| qw: God list: Okawaru
     0 | D:1      | 0 ||| qw: Allow faded altars: false
     0 | D:1      | 0 ||| qw: Do Orc after D:15 true
     0 | D:1      | 0 ||| qw: Do second Lair branch before Depths: true
     0 | D:1      | 0 ||| qw: Lair rune preference: random
     0 | D:1      | 0 ||| qw: Plans: Normal
     0 | D:1      | 0 ||| PLANNING D:1-11
    59 | D:1      | Reached XP level 2. HP: 10/16 MP: 4/4
    61 | D:1      | Reached skill level 6 in Ranged Weapons
   438 | D:1      | Found Baeda's Armour Emporium.
   537 | D:1      | 537 ||| SHOPLISTING +0 helmet (45 gold, have 30).
   537 | D:1      | 537 ||| SHOPLISTING +0 helmet of Benevolence {rC+ Str+3}
                  | (248 gold, have 30).
   605 | D:1      | 605 ||| UPGRADING to +0 pair of boots.
   610 | D:1      | 610 ||| READING scroll labelled ENGUROU VOKKAK.
   611 | D:1      | 611 ||| READING scroll labelled HEGIEDWARI.
   612 | D:1      | 612 ||| READING 2 scrolls labelled BIQYVV BORIO.
   616 | D:1      | 616 ||| DROPPING scroll of butterflies.
   701 | D:2      | Reached XP level 3. HP: 20/20 MP: 5/5
   753 | D:2      | Reached skill level 7 in Ranged Weapons
   876 | D:2      | Found a faded altar of an unknown god.
   918 | D:2      | Reached XP level 4. HP: 11/25 MP: 6/6
   982 | D:2      | Noticed Terence
   984 | D:2      | Killed Terence
  1069 | D:2      | Reached skill level 8 in Ranged Weapons
  1362 | D:2      | 1362 ||| READING scroll labelled ASOMOE VIZYF.
  1363 | D:2      | 1363 ||| READING scroll labelled ROOSOF QEIPIY.
  1507 | D:3      | Reached XP level 5. HP: 29/29 MP: 7/7
  1527 | D:3      | Noticed Jessica
  1528 | D:3      | Killed Jessica
  1582 | D:3      | Reached skill level 9 in Ranged Weapons
  1992 | D:3      | 1992 ||| UPGRADING to +0 pair of gloves.
  1997 | D:3      | 1997 ||| UPGRADING to +0 ring mail.
  2007 | D:3      | 2007 ||| DROPPING +0 leather armour.
  2008 | D:3      | 2008 ||| READING 2 scrolls labelled MEENITS QANE.
  2009 | D:3      | 2009 ||| READING scroll labelled LOAKIXZ VIFO.
  2044 | D:4      | Noticed a +0 dagger
  2044 | D:4      | Noticed a +0 dagger
  2044 | D:4      | Noticed a +0 short sword
  2044 | D:4      | Noticed a +0 falchion
  2044 | D:4      | Noticed a +0 falchion
  2044 | D:4      | Noticed a +0 spear
  2044 | D:4      | Noticed a +0 spear
  2044 | D:4      | Noticed a +0 short sword
  2080 | D:4      | Noticed an ice beast
  2080 | D:4      | Noticed qw's ghost (amateur NaHu)
  2151 | D:4      | Found a staircase to the Ecumenical Temple.
  2152 | D:4      | 2152 ||| PLANNING TEMPLE
  2152 | D:4      | 2152 ||| DRINKING 3 dark potions.
  2153 | D:4      | 2153 ||| DROPPING 2 potions of attraction.
  2159 | Temple   | Entered the Ecumenical Temple
  2321 | Temple   | 2321 ||| PLANNING D:1-11
  2407 | D:4      | 2407 ||| FLEEEEING.
  2413 | D:4      | Reached XP level 6. HP: 27/35 MP: 8/8
  2582 | D:4      | Noticed an ice beast
  2590 | D:4      | Found a runed translucent gate.
  2590 | D:4      | Found a runed translucent gate.
  2590 | D:4      | Found a runed translucent gate.
  2602 | D:4      | Found a hide-covered altar of Uskayaw.
  2616 | D:4      | Reached skill level 1 in Armour
  2860 | D:4      | 2860 ||| UPGRADING to amulet of reflection.
  2870 | D:4      | 2870 ||| DRINKING 2 viscous grey potions.
  3008 | D:4      | 3008 ||| READING 2 scrolls of identify.
  3008 | D:4      | 3008 ||| IDENTIFYING viscous orange potion
  3351 | D:4      | Found a blossoming altar of Fedhas.
  4664 | D:5      | Entered Level 5 of the Dungeon
  4774 | D:5      | Reached skill level 10 in Ranged Weapons
  4783 | D:5      | Found a burning altar of Makhleb.
  4791 | D:5      | Reached skill level 3 in Dodging
  4884 | D:5      | Found a shimmering altar of Xom.
  4890 | D:5      | Reached XP level 7. HP: 25/40 MP: 9/9
  4907 | D:5      | 4907 ||| FLEEEEING.
  4908 | D:5      | HP: 6/40 [ogre/+0 giant spiked club (18)]
  4909 | D:5      | 4909 ||| READING 4 scrolls of teleportation.
  4915 | D:5      | 4915 ||| READING 3 scrolls of teleportation.
  4918 | D:5      | Reached skill level 11 in Ranged Weapons
  4924 | D:5      | 4924 ||| FLEEEEING.
  4925 | D:5      | 4925 ||| FLEEEEING.
  4926 | D:5      | 4926 ||| FLEEEEING.
  4927 | D:5      | 4927 ||| FLEEEEING.
  4928 | D:5      | 4928 ||| FLEEEEING.
  4930 | D:5      | 4930 ||| FLEEEEING.
  4931 | D:5      | 4931 ||| FLEEEEING.
  4932 | D:5      | 4932 ||| FLEEEEING.
  4933 | D:5      | 4933 ||| FLEEEEING.
  4934 | D:5      | 4934 ||| FLEEEEING.
  4936 | D:5      | 4936 ||| STAIRDANCE
  5056 | D:4      | 5056 ||| READING 2 scrolls labelled JIADWE ULOYHEDGH.
  5057 | D:4      | 5057 ||| DRINKING 2 smoky blue potions.
  5090 | D:4      | 5090 ||| READING 2 scrolls of identify.
  5090 | D:4      | 5090 ||| IDENTIFYING puce potion
  5091 | D:4      | 5091 ||| DROPPING potion of lignification.
  5092 | D:4      | 5092 ||| DROPPING scroll of amnesia.
  5327 | D:5      | 5327 ||| FLEEEEING.
  5329 | D:5      | 5329 ||| FLEEEEING.
  5435 | D:5      | Noticed Menkaure
  5443 | D:5      | Killed Menkaure
  5444 | D:5      | Reached skill level 12 in Ranged Weapons
  5580 | D:5      | HP: 10/40 [water moccasin (1)]
  5581 | D:5      | 5581 ||| READING 2 scrolls of teleportation.
  5582 | D:5      | HP: 1/40 [poisoned by a water moccasin]
  5582 | D:5      | Slain by an orc wizard

Levels and vault maps discovered:
D:1:      saegor_arrival_simple_c, layout_basic, serial_shops,
          nicolae_shop_window_shopping
D:2:      cheibrodos_old_hovel, layout_basic,
          dreamdust_ecumenical_altar_angels_and_demons, minmay_divided_ellipse,
          uniq_terence
D:3:      layout_basic, uniq_jessica
D:4:      layout_loops_corners, nicolae_uskayaw_en_pointe, fedhas_altar_4,
          minmay_temple_entry_wispy, gammafunk_ghost_icy, minmay_puff
D:5:      layout_basic, mainiacjoe_overflow_tiny_flanked, led_xom_imps,
          minmay_joined_circles, uniq_menkaure
Temple:   nicolae_temple_bog_church

Skill      XL: |  1  2  3  4  5  6  7 |
---------------+----------------------+-----
Ranged Weapons | 6 7 8 9 10 12 | 12.2
Fighting       | 2 |  2.3
Armour         | 1 |  1.0
Dodging        | 3 |  3.1
Stealth        | |  1.2

Action                     |  1- 3 |  4- 6 |  7- 9 || total
---------------------------+-------+-------+-------++-------
   Fire: Shortbow          |    99 |   135 |    71 ||   305
    Use: Scroll            |     3 |     5 |     5 ||    13
         Potion            |       |     2 |     1 ||     3
 Armour: Leather armour    |    14 |     3 |       ||    17
         Ring mail         |       |     9 |    15 ||    24
  Dodge: Dodged            |    50 |    28 |    28 ||   106
  Block: Other             |       |     8 |     9 ||    17

Table legend:
 A = Non-vault XP
 B = Vault XP
 C = Vault XP percentage of total XP
 D = Non-vault monster count
 E = Vault monster count
 F = Vault count percentage of total count
                 A         B        C        D         E       F
            +---------+---------+-------+---------+---------+-------
      Total |     821 |     559 |  40.5 |      90 |      27 |  23.1
            +---------+---------+-------+---------+---------+-------
        D:1 |      37 |       0 |   0.0 |      20 |       0 |   0.0
        D:2 |      33 |      87 |  72.5 |      10 |      15 |  60.0
        D:3 |      97 |      37 |  27.6 |      19 |       1 |   5.0
        D:4 |     230 |      48 |  17.3 |      24 |       4 |  14.3
        D:5 |     424 |     387 |  47.7 |      17 |       7 |  29.2
            +---------+---------+-------+---------+---------+-------
